Mecha, chaotic female elven Wizard |..| |..---.. --.G.... |@G.G.. --G.G. --G Mecha the Conjurer Experience level: 4 Strength: 14 Dexterity: 14 Constitution: 13 Intelligence: 16 Wisdom: 11 Charisma: 10 Health: 0(25) Energy: 43(43) AC: 8 Gold: 481 Moves: 2384 Your Inventory: Coins $ - 481 gold pieces Weapons v - an [uncursed +0] crude dagger [orcish] (weapon in hand) Armor b - an uncursed +0 cloak of magic resistance (being worn) F - an [uncursed] +0 elven mithril-coat Scrolls i - an uncursed scroll of create monster j - an uncursed scroll of punishment k - an uncursed scroll of remove curse o - an [uncursed] scroll labeled NR 9 [of identify] r - an [uncursed] scroll labeled PHOL ENDE WODAN [of light] y - a [blessed] scroll labeled ETAOIN SHRDLU [of genocide] Spellbooks l - a blessed spellbook of force bolt m - an uncursed spellbook of sleep w - an [uncursed] dusty spellbook [of polymorph] Potions f - an uncursed potion of gain level g - an uncursed potion of paralysis h - an uncursed potion of booze p - a [blessed] smoky potion [of object detection] A - an [uncursed] dark green potion [of sleeping] E - an [uncursed] golden potion [of restore ability] Rings d - an uncursed ring of poison resistance (on right hand) e - an uncursed ring of polymorph control u - an [uncursed] +1 ring of protection (on left hand) Wands c - an uncursed wand of create monster (0:11) x - an [uncursed] wand of light [0:13] Tools n - an uncursed leather drum q - an [uncursed] tin whistle z - an [uncursed] magic whistle C - an [uncursed] tinning kit [0:78] Gems B - 2 [uncursed] red gems [worthless glass] D - an [uncursed] green gem [worthless glass] Spells known in the end: Name Level Category Fail Memory a - force bolt 1 attack 0% [||||||||] b - sleep 1 enchantment 0% [||||||||] Your skills at the end: Fighting Skills Weapon Skills quarterstaff [Basic / Expert] Spellcasting Skills attack spells [Basic / Expert] enchantment spells [Basic / Skilled] Final Attributes: You were piously aligned. Hunger level was 79. Your alignment was 21 / 21. Monster difficulty range was 0 - 4. Level difficulty was 4. You were immune to sleep. You were immune to poison. You were magic-protected. You saw invisible. You had infravision. You were protected. You were lucky (1). You are dead. Vanquished creatures: a kitten a kobold lord a giant bat an acid blob a hobbit a large kobold a yellow mold a gnome 2 geckos 2 jackals 2 foxes a kobold 3 goblins 5 grid bugs 3 lichens 3 newts 29 creatures vanquished. Voluntary challenges: You used a wielded weapon 55 times. You read items or engraved 2 times. You put on armor 4 times. You never genocided any monsters. You never polymorphed an object. You never changed form. You used no wishes. You wrote Elbereth's name 1 time. You never encountered a bones level. You never used any Sokoban shortcuts. Dungeon overview: The Dungeons of Doom: levels 1 to 3 Level 1 a sink a long staircase Level 3 (holy/unholy water) a potion shop, a sink stairs to The Gnomish Mines The Gnomish Mines: Level 4 <- You were here stairs to The Dungeons of Doom History has recorded: On T:1 you entered the Dungeons of Doom to retrieve the Amulet of Yendor! On T:427 you advanced to experience level 2. On T:543 you reached level 2 of The Dungeons of Doom. On T:801 you advanced to experience level 3. On T:949 you reached level 3 of The Dungeons of Doom. On T:1128 you advanced to experience level 4. On T:1725 you reached level 1 of The Gnomish Mines. Latest messages: You miss the gecko. You kill the gecko! You see here a gecko corpse. This gecko corpse tastes terrible! [HP+1=15] You finish eating the gecko corpse. [4 turns] [HP+1=16] [HP+1=17] [HP+1=18] [HP+1=19] [30 turns] [HP+1=20] [HP+1=21] Magic energy restored. [19 turns] You miss the gnome. The gnome hits! (3x) [HP-15=6] You miss the gnome. [HP+1=7] You miss the gnome. The gnome hits! (2x) You die... Final status: Goodbye Mecha the Wizard... You died in The Gnomish Mines on dungeon level 4 with 1141 points, and 481 pieces of gold, after 2384 moves. You were level 4 with a maximum of 25 hit points when you died.